 Dungeon Crawl Stone Soup version 0.19.1-1-g22dce08 (webtiles) character file.

182 McKennaii the Magician (level 5, -1/31 HPs)
             Began as a High Elf Wizard on Jan 4, 2017.
             Slain by a river rat (2 damage)
             ... in a sewer.
             The game lasted 00:21:24 (2880 turns).

McKennaii the Magician (High Elf Wizard)            Turns: 2880, Time: 00:21:24

Health: -1/31      AC:  3    Str:  6    XL:     5   Next: 34%
Magic:  13/13      EV: 13    Int: 23    God:
Gold:   197        SH:  0    Dex: 13    Spells: 5 memorised, 4 levels left

rFire  . . .     SeeInvis +     x - +3 dagger
rCold  . . .     Gourm    .     a - +0 robe
rNeg   . . .     Faith    .     (no shield)
rPois  .         Spirit   .     b - +0 hat
rElec  .         Reflect  .     (no cloak)
rCorr  .         Harm     .     (no gloves)
MR     .....                    (no boots)
Stlth  ++........               (no amulet)
                                r - ring of see invisible
                                n - +1 ring of protection

@: lethally poisoned (-1 -> -2)
A: no striking features
a: no special abilities


You were in a sewer.
You were very hungry.

You visited 1 branch of the dungeon, and saw 3 of its levels.
You also visited: Sewer.

You collected 197 gold pieces.

Inventory:

Hand Weapons
 x - a +3 dagger (weapon)
Armour
 a - a +0 robe (worn)
 b - a +0 hat (worn)
Jewellery
 n - a +1 ring of protection (left hand)
 r - a ring of see invisible (right hand)
Scrolls
 e - a scroll of magic mapping {unknown}
 f - a scroll of fog
 i - a scroll of noise {unknown}
 k - a scroll of amnesia {unknown}
 l - 3 scrolls of identify
 m - a scroll of enchant armour {unknown}
 o - 2 scrolls of remove curse
 p - a scroll of immolation {unknown}
 t - 3 scrolls of blinking {unknown}
 u - a scroll of recharging {unknown}
Potions
 j - a potion of haste {unknown}
 q - a potion of mutation {unknown}
 w - a potion of flight
 z - a potion of brilliance {unknown}
Books
 c - a book of Minor Magic

   Spells                             Type                      Level
   a - Magic Dart                     Conjuration                  1
   b - Blink                          Translocation                2
   c - Call Imp                       Summoning                    2
   d - Repel Missiles                 Charms/Air                   2
   e - Slow                           Hexes                        2
   f - Conjure Flame                  Conjuration/Fire             3
   g - Mephitic Cloud                 Conjuration/Poison/Air       3
Comestibles
 d - 2 bread rations
 g - 3 meat rations
 s - a slice of pizza


   Skills:
 + Level 0.2 Fighting
 + Level 3.4 Dodging
 + Level 2.4 Stealth
 + Level 0.2 Unarmed Combat
 + Level 5.3 Spellcasting
 + Level 2.4 Conjurations
 + Level 1.6 Summonings
 + Level 1.1 Translocations


You had 4 spell levels left.
You knew the following spells:

 Your Spells              Type           Power        Failure   Level  Hunger
a - Magic Dart            Conj           ###.         3%          1    None
b - Call Imp              Summ           ##......     10%         2    None
c - Blink                 Tloc           N/A          12%         2    None
d - Slow                  Hex            #.......     17%         2    None
e - Conjure Flame         Conj/Fire      ##......     17%         3    ##.....


Dungeon Overview and Level Annotations

Branches:
Dungeon (3/15)

Altars:
Elyvilon
Fedhas


Message History

The river rat closely misses you.
You're too confused to cast spells.
You're too confused to cast spells.
You're too confused to move!
You feel less invigorated.
You feel less confused. The river rat closely misses you.
The river rat bites you.
You hit the river rat.
The river rat is severely wounded.
You float gracefully downwards.
The river rat bites you!
* * * LOW HITPOINT WARNING * * *
Your crimson imp blinks!
The river rat bites you but does no damage.
You hit the river rat but do no damage.
The river rat is severely wounded.
You feel sick. The river rat closely misses you. The river rat bites you.
* * * LOW HITPOINT WARNING * * *
You hit the river rat but do no damage.
The river rat is severely wounded.
The river rat bites you.
You die...

#.†.†..≈≈.........
#.....≈†≈..†....#.
##....†.≈≈≈.....###
##.......≈≈......###
#...##...≈≈.≈...†.##
#...###.≈≈≈≈.....†##
##...##≈≈≈≈≈≈≈...†.#
#.rr#.≈≈≈≈≈.≈....÷#
##@...≈≈≈≈≈≈.......
#....≈≈≈≈≈≈≈.....÷
#.....≈≈≈≈≈≈≈.....
.....≈≈≈≈≈≈≈≈....#
.....≈≈≈≈≈≈≈≈....##
.....#≈≈≈≈≈≈≈....#
#....##≈≈≈≈≈≈≈≈...##
#....# ≈≈≈≈≈≈.)...#
≈≈≈≈≈≈≈....#


You could see 2 river rats.

Vanquished Creatures
  3 adders
  A river rat (Sewer)
  An ooze (D:3)
  2 dart slugs (D:1)
  A leopard gecko (D:1)
  5 ball pythons
  2 giant cockroaches
  2 goblins
  5 hobgoblins
  2 jackals
  11 kobolds
  6 bats (D:1)
  2 frilled lizards
  24 rats
67 creatures vanquished.

Vanquished Creatures (collateral kills)
  The ghost of Kabixx the Conjurer, an amateur DECj (D:3)
  An adder (D:2)
  A river rat (Sewer)
  A worm (D:2)
  2 giant cockroaches (D:3)
  6 goblins
  2 jackals (D:3)
  A ball python (Sewer)
  2 rats
17 creatures vanquished.

Grand Total: 84 creatures vanquished

Notes
Turn   | Place    | Note
-------+----------+-------------------------------------------
     0 | D:1      | McKennaii the High Elf Wizard began the quest for the Orb.
     0 | D:1      | Reached XP level 1. HP: 11/11 MP: 6/6
   364 | D:1      | Reached XP level 2. HP: 9/17 MP: 4/7
   368 | D:1      | Learned a level 2 spell: Call Imp
   371 | D:1      | Learned a level 2 spell: Blink
   374 | D:1      | Learned a level 2 spell: Slow
   643 | D:1      | Reached skill level 4 in Spellcasting
  1019 | D:1      | Reached XP level 3. HP: 9/21 MP: 2/9
  1488 | D:2      | Found a faded altar of an unknown god.
  1862 | D:2      | Reached skill level 1 in Summonings
  1995 | D:3      | Noticed Kabixx's ghost (amateur DECj)
  2182 | D:3      | Learned a level 3 spell: Conjure Flame
  2197 | D:3      | Found a blossoming altar of Fedhas.
  2247 | D:3      | Found a white marble altar of Elyvilon.
  2311 | D:3      | Killed Kabixx's ghost
  2311 | D:3      | Reached XP level 4. HP: 9/27 MP: 1/11
  2364 | D:3      | Found a glowing drain.
  2506 | D:3      | Reached skill level 5 in Spellcasting
  2521 | Sewer    | Entered a sewer
  2529 | Sewer    | Reached XP level 5. HP: 24/31 MP: 1/13
  2851 | Sewer    | HP: 1/31 [adder (1)]
  2867 | Sewer    | HP: 1/31 [poisoned by an adder]
  2879 | Sewer    | HP: 1/31 [river rat (3)]
  2880 | Sewer    | Slain by a river rat

Skill      XL: |  1  2  3  4 |
---------------+-------------+-----
Spellcasting   | 4 5 |  5.3
Dodging        | 3 |  3.4
Summonings     | 1 |  1.6
Conjurations   | 2 |  2.4
Fighting       | |  0.2
Stealth        | |  2.4
Unarmed Combat | |  0.2
Translocations | |  1.1

Action                   |  1- 3 |  4- 6 || total
-------------------------+-------+-------++-------
Melee: Unarmed           |    26 |    11 ||    37
       Dagger            |       |    37 ||    37
 Cast: Magic Dart        |   101 |    49 ||   150
       Call Imp          |    17 |     8 ||    25
  Use: Scroll            |     3 |     1 ||     4
       Potion            |     1 |     5 ||     6
  Eat: Meat ration       |     1 |       ||     1
Armor: Robe              |    10 |    14 ||    24
Dodge: Dodged            |    71 |    68 ||   139
